 Dungeon Crawl Stone Soup version 0.28.0 (webtiles) character file.

Game seed: 10951497488185453696

231 pkoi the Gusty (level 5, 0/38 HPs)
             Began as a Draconian Air Elementalist on Feb 18, 2022.
             Slain by Edmund (9 damage)
             ... on level 5 of the Dungeon.
             The game lasted 00:04:50 (4716 turns).

pkoi the Gusty (Draconian Air Elementalist)         Turns: 4716, Time: 00:04:51

Health: 0/38       AC:  5    Str: 11    XL:     5   Next: 72%
Magic:  2/8        EV: 12    Int: 17    God:
Gold:   165        SH:  5    Dex: 11    Spells: 0/8 levels left

rFire   . . .      SeeInvis .   u - +0 spear (venom)
rCold   . . .      Faith    .   (no shield)
rNeg    . . .      Spirit   .   (armour unavailable)
rPois   +          Reflect  +   (helmet restricted)
rElec   .          Harm     .   (no cloak)
rCorr   +          Rampage  .   (no gloves)
Will    .....                   (no boots)
Stlth   ++........              p - amulet of reflection
HPRegen 0.12/turn               d - ring of resist corrosion
MPRegen 0.11/turn               k - ring of poison resistance

@: no status effects
A: AC +5, unfitting armour, cold-blooded
a: no special abilities


You were on level 5 of the Dungeon.
You visited 1 branch of the dungeon, and saw 5 of its levels.

You collected 165 gold pieces.

Inventory:

Hand Weapons
 a - a +0 dagger
 u - a +0 spear of venom (weapon)
Missiles
 h - a throwing net
 t - 2 curare-tipped darts
Jewellery
 d - a ring of resist corrosion (left hand)
 f - a ring of see invisible
 k - a ring of poison resistance (right hand)
 p - an amulet of reflection (around neck)
Scrolls
 b - 2 scrolls of teleportation {unknown}
 c - a scroll of magic mapping {unknown}
 g - 2 scrolls of enchant armour {unknown}
 i - a scroll of enchant weapon {unknown}
 j - a scroll of fear {unknown}
 q - 3 scrolls of identify {unknown}
 s - a scroll of vulnerability {unknown}
Potions
 e - a potion of ambrosia {unknown}
 l - a potion of attraction {unknown}
 m - 3 potions of degeneration {unknown}
 n - 2 potions of magic {unknown}
 o - a potion of resistance {unknown}
 r - a potion of curing {unknown}


   Skills:
 - Level 1.7 Dodging
 - Level 1.7 Stealth
 - Level 2.0 Spellcasting
 - Level 1.0 Conjurations
 + Level 6.5 Air Magic


You couldn't memorise any spells.
You knew the following spells:

 Your Spells              Type           Power      Damage    Failure   Level
a - Shock                 Conj/Air       56%        1d6       4%          1
b - Airstrike             Air            12%        N/A       13%         4
c - Swiftness             Air            24%        N/A       4%          3

Your spell library contained the following spells:

 Spells                   Type           Power      Damage    Failure   Level
 Static Discharge         Conj/Air       14%        N/A       6%          2
 Animate Skeleton         Necr           2%         N/A       19%         1
 Pain                     Necr           4%         1d4       19%         1
 Blink                    Tloc           2%         N/A       28%         2
 Lesser Beckoning         Tloc           1%         N/A       50%         3
 Vampiric Draining        Necr           1%         2d6       50%         3
 Manifold Assault         Tloc           1%         N/A       99%         5


Dungeon Overview and Level Annotations

Branches:
Dungeon (5/15)
 Temple: D:4-7

Altars:
Cheibriados

Annotations:
D:2 Sigmund, Terence
D:5 Edmund


Innate Abilities, Weirdness & Mutations

Your plain brown scales are hard. (AC +5)
You cannot fit into any form of body armour.
You are cold-blooded and may be slowed by cold attacks.


Message History

You hit Edmund.
Edmund is poisoned.
Edmund is lightly wounded.
Edmund misses you.
Unknown command.
Aiming: Shock (safe; 4% risk of failure)
Press: ? - help, Q - select action, (/) - cycle Shift-Dir - straight line The zap hits Edmund.
Edmund is moderately wounded.
The zap hits Edmund.
Edmund is moderately wounded.
Edmund hits you but does no damage.
Aiming: Shock (safe; 4% risk of failure)
Press: ? - help, Q - select action, (/) - cycle Shift-Dir - straight line The zap hits Edmund.
Edmund is moderately wounded.
The zap hits Edmund.
Edmund is moderately wounded.
You block Edmund's attack.
Aiming: Shock (safe; 4% risk of failure)
Press: ? - help, Q - select action, (/) - cycle Shift-Dir - straight line The zap hits Edmund.
Edmund is heavily wounded.
The zap hits Edmund.
Edmund is heavily wounded.
Edmund hits you with a +1 flail of protection.
* * * LOW HITPOINT WARNING * * *
Aiming: Shock (safe; 4% risk of failure)
Press: ? - help, Q - select action, (/) - cycle Shift-Dir - straight line The zap misses Edmund.
The zap hits Edmund but does no damage.
Edmund is heavily wounded.
Edmund hits you with a +1 flail of protection.
* * * LOW HITPOINT WARNING * * *
Aiming: Shock (safe; 4% risk of failure)
Press: ? - help, Q - select action, (/) - cycle Shift-Dir - straight line The zap hits Edmund.
Edmund is severely wounded.
The zap hits Edmund.
Edmund is severely wounded.
Edmund hits you with a +1 flail of protection!
You die...

.....##...##......##
.....##^..##..##..#
.##..##...#...##..##
. #..##...##..##...#
#..##...##..##...#
#..#######.......#
.........##
.........# ###
.##..##@.# ...#
######.@##...#
+............#
#...............
#...............
######..####+###
####


You could see Edmund (poisoned).

Vanquished Creatures
  A hound (D:4)
  An iguana (D:5)
  4 adders
  7 gnolls (D:4)
  A worm (D:4)
  5 dart slugs
  4 endoplasms
  A giant cockroach (D:1)
  8 hobgoblins
  3 jackals (D:3)
  A quokka (D:4)
  2 ball pythons
  3 bats (D:3)
  4 frilled lizards
  7 goblins
  4 kobolds
  8 rats
64 creatures vanquished.

Notes
Turn   | Place    | Note
-------+----------+-------------------------------------------
     0 | D:1      | pkoi the Draconian Air Elementalist began the quest for the
                  | Orb.
     0 | D:1      | Reached XP level 1. HP: 14/14 MP: 3/3
     0 | D:1      | Noticed an ice dragon
     3 | D:1      | Noticed a green draconian
     5 | D:1      | Noticed a large abomination
     6 | D:1      | Noticed an iron dragon
     7 | D:1      | Noticed a shadow dragon
     8 | D:1      | Noticed a tentacled monstrosity
     9 | D:1      | Noticed a large abomination
    11 | D:1      | Noticed a large abomination
    13 | D:1      | Noticed an ice dragon
    15 | D:1      | Noticed a yellow draconian
    15 | D:1      | Noticed an orb of fire
    17 | D:1      | Noticed a green draconian
    19 | D:1      | Noticed an orb of fire
    19 | D:1      | Noticed an iron dragon
    21 | D:1      | Noticed an orb of fire
   337 | D:1      | Reached XP level 2. HP: 20/20 MP: 1/5
   762 | D:1      | Reached skill level 4 in Air Magic
  1171 | D:2      | Noticed Terence
  1240 | D:2      | Noticed Sigmund
  1388 | D:3      | Reached XP level 3. HP: 26/26 MP: 4/6
  2390 | D:3      | Reached XP level 4. HP: 33/33 MP: 3/7
  2435 | D:3      | Reached skill level 5 in Air Magic
  2753 | D:4      | Learned a level 4 spell: Airstrike
  3923 | D:4      | Reached XP level 5. HP: 36/38 MP: 0/8
  3992 | D:4      | Learned a level 3 spell: Swiftness
  4333 | D:4      | Found a snail-covered altar of Cheibriados.
  4364 | D:4      | Reached skill level 6 in Air Magic
  4596 | D:5      | Entered Level 5 of the Dungeon
  4699 | D:5      | Noticed Edmund
  4716 | D:5      | Slain by Edmund

Illustrated notes

Levels and vault maps discovered:
D:1:      shiori_arrival_whats_in_store_for_you, layout_basic
D:2:      layout_loops_corners, uniq_sigmund, uniq_terence
D:3:      layout_loops_corners
D:4:      minmay_skewed_foursquare, layout_cave_pods, kennysheep_mini,
          hangedman_abyss_or_decor_stabs, nrook_campfire, lightli_minifort
D:5:      layout_gridville, minmay_temple_entry_proselytizer,
          portal_sewer_entry_c, uniq_edmund, uniq_duvessa

Skill      XL: |  1  2  3  4  5 |
---------------+----------------+-----
Air Magic      | 4 5 6 |  6.5
Dodging        | |  1.7
Stealth        | |  1.7
Spellcasting   | |  2.0
Conjurations   | |  1.0

Action                   |  1- 3 |  4- 6 || total
-------------------------+-------+-------++-------
Melee: Dagger            |    14 |    17 ||    31
       Tailslap          |     3 |     7 ||    10
       Spear             |       |    11 ||    11
 Cast: Shock             |    72 |    93 ||   165
Armor: Skin              |     4 |     7 ||    11
Dodge: Dodged            |     8 |    35 ||    43
Block: Other             |       |     6 ||     6
